 Dungeon Crawl Stone Soup version 0.31-a0-446-g07c4bd200f (webtiles) character file.

Game seed: 1259319354699859854

341 Ethylacetat the Insei (level 6, 0/34 HPs)
             Began as a Vine Stalker Monk on Aug 3, 2023.
             Slain by a worm (9 damage)
             ... on level 4 of the Dungeon.
             The game lasted 00:04:07 (3058 turns).

Ethylacetat the Insei (Vine Stalker Monk)           Turns: 3058, Time: 00:04:08

Health: 0/34       AC:  2    Str: 13    XL:     6   Next: 56%
Magic:  0/11       EV: 13    Int: 10    God:
Gold:   190        SH:  0    Dex: 19    Spells: 11/11 levels left

rFire   + . .        o - +2 dagger (speed)
rCold   . . .        c - orb {light}
rNeg    . . .        a - +0 robe
rPois   .            (no helmet)
rElec   .            (no cloak)
rCorr   .            (no gloves)
SInv    .            (no boots)
Will    ++...        (no amulet)
Stlth   +            i - ring "Vauz" {rF+ Will+}
HPRegen 1.05/turn    (no ring)
MPRegen 0.12/turn

%: guardian spirit
@: enlightened, hasted, glowing, very quick
A: fangs 2, regeneration 1, magic shield, antimagic bite, no potion heal 2
a: no special abilities


You were on level 4 of the Dungeon.
You visited 1 branch of the dungeon, and saw 4 of its levels.

You collected 190 gold pieces.

Inventory:

Hand Weapons
 o - a +2 dagger of speed (weapon)
Armour
 a - a +0 robe (worn)
 c - an orb of light (worn)
Jewellery
 i - the ring "Vauz" (left hand) {rF+ Will+}
   (You found it on level 2 of the Dungeon)

   [ring of willpower]

   rF:        It protects you from fire.
   Will:      It increases your willpower.
Scrolls
 h - a scroll of vulnerability {unknown}
 j - a scroll of teleportation {unknown}
 k - 2 scrolls of enchant armour {unknown}
 m - 2 scrolls of identify {unknown}
 n - a scroll of fear {unknown}
Potions
 b - 3 potions of ambrosia
 d - a potion of enlightenment
 g - 3 potions of curing {unknown}
 l - a potion of heal wounds {unknown}


   Skills:
 + Level 4.3 Fighting
 - Level 2.6 Dodging
 + Level 4.7 Unarmed Combat
 + Level 3.1 Spellcasting


You had 11 spell levels left.
You didn't know any spells.
Your spell library contained the following spells:

 Spells                   Type           Power      Damage    Failure   Level
 Stone Arrow              Conj/Erth      2%         3d7       63%         3
 Summon Guardian Golem    Hex/Summ       1%         N/A       63%         3
 Animate Armour           Summ/Erth      2%         N/A       95%         4
 Cause Fear               Hex            0%         N/A       95%         4
 Fireball                 Conj/Fire      0%         3d3       100%        5
 Orb of Destruction       Conj           0%         9d5       100%        7
 Spellforged Servitor     Conj/Summ      0%         N/A       100%        7
 Lehudib's Crystal Spear  Conj/Erth      0%         10d2      100%        8
 Dragon's Call            Summ           0%         N/A       100%        9


Dungeon Overview and Level Annotations

Branches:
Dungeon (4/15)
 Temple: D:4-7

Altars:


Innate Abilities, Weirdness & Mutations

You have extremely sharp teeth.
Your natural rate of healing is unusually fast.
When hurt, damage is shared between your health and your magic reserves.
Your bite disrupts and absorbs the magic of your enemies.
Potions cannot restore your health.


Message History

The orc warrior is severely wounded.
The orc warrior hits you with a +0 scimitar.
The goblin hits you but does no damage.
You hit the goblin but do no damage. You hit the goblin.
The goblin is severely wounded.
The goblin hits you but does no damage. The orc warrior barely misses you.
You hit the goblin.
You kill the goblin!
The orc warrior hits you with a +0 scimitar!
You hit the orc warrior.
The orc warrior is severely wounded.
You feel less wooden.
Your +0 robe unmelds from your body.
You hit the orc warrior but do no damage.
The orc warrior is severely wounded.
The orc warrior barely misses you.
It was a potion of haste.
You feel yourself speed up.
The orc warrior hits you with a +0 scimitar.
You hit the orc warrior. You bite the orc warrior. You drain its power.
You feel invigorated.
The orc warrior is almost dead.
You hit the orc warrior but do no damage.
The orc warrior is almost dead.
The orc warrior hits you with a +0 scimitar.
You hit the orc warrior but do no damage.
You bite the orc warrior, but do no damage.
The orc warrior is almost dead.
You hit the orc warrior but do no damage.
The orc warrior is almost dead.
The orc warrior hits you with a +0 scimitar.
* * * LOW HITPOINT WARNING * * *
You barely miss the orc warrior.
The orc warrior is almost dead.
You hit the orc warrior.
You kill the orc warrior!
Your Spellcasting skill increases to level 3!
Items here: )) ††.
The worm bites you!
You die...

################
#...<...........
#...............
#.......@.......
#......).w......
######'#.......#
#...))#.......'
#.....#.......#
#.....#.......#
#'#####.......#
#...# ...####..
#oo.# ...# ..


You could see a worm.

Vanquished Creatures
  An orc warrior (D:4)
  An orc priest (D:4)
  An iguana (D:4)
  An orc wizard (D:4)
  5 adders
  2 gnolls
  2 worms (D:2)
  5 dart slugs
  13 orcs
  6 ball pythons
  4 bats
  3 endoplasms (D:1)
  2 giant cockroaches
  5 goblins
  10 hobgoblins
  5 kobolds
  A quokka (D:3)
  6 frilled lizards
  5 rats
78 creatures vanquished.

Notes
Turn   | Place    | Note
-------+----------+-------------------------------------------
     0 | D:1      | Ethylacetat the Vine Stalker Monk began the quest for the
                  | Orb.
     0 | D:1      | Reached XP level 1. HP: 11/11 MP: 2/2
    91 | D:1      | Reached XP level 2. HP: 10/16 MP: 3/3
   672 | D:1      | Reached XP level 3. HP: 15/20 MP: 3/5
   749 | D:1      | Reached skill level 1 in Spellcasting
  1067 | D:2      | Found a faded altar of an unknown god.
  1261 | D:2      | Identified the ring "Vauz" {rF+ Will+}
  1343 | D:2      | Gained mutation: Your natural rate of healing is unusually
                  | fast. [Vine Stalker growth]
  1343 | D:2      | Reached XP level 4. HP: 19/24 MP: 7/7
  2489 | D:3      | Reached XP level 5. HP: 24/29 MP: 7/9
  2909 | D:3      | Reached XP level 6. HP: 23/33 MP: 5/11
  2974 | D:4      | Noticed an orc warrior
  3056 | D:4      | Killed an orc warrior
  3058 | D:4      | Slain by a worm

Illustrated notes

Levels and vault maps discovered:
D:1:      spicycebolla_green_bress_n_ham_2, layout_basic, minivault_11,
          minmay_misc_feat_encased, serial_bayou_pond_d
D:2:      minmay_alternating_diamond, layout_loops_corners,
          chequers_ecumenical_altar_simple_redux
D:3:      layout_loops_cross
D:4:      layout_gridville

Skill      XL: |  1  2  3  4  5  6 |
---------------+-------------------+-----
Fighting       | 3 4 |  4.3
Spellcasting   | 1 2 3 |  3.1
Unarmed Combat | 4 |  4.7
Dodging        | |  2.6

Action                     |  1- 3 |  4- 6 || total
---------------------------+-------+-------++-------
  Melee: Unarmed           |    82 |    85 ||   167
         Bite              |    22 |    61 ||    83
         Dagger            |       |   135 ||   135
    Use: Potion            |       |     3 ||     3
 Armour: Robe              |     6 |    15 ||    21
         Skin              |       |    37 ||    37
  Dodge: Dodged            |    40 |   106 ||   146

Table legend: (Time is in decaauts)
 A = Elapsed time spent in this place.
 B = Non-inter-level travel time spent in this place.
 C = Inter-level travel time spent in this place.
 D = Time resting spent in this place.
 E = Time spent auto-exploring this place.
 F = Levels seen in this place.
 G = Mean time per level.
                   A        B        C        D        E       F      G
               +--------+--------+--------+--------+--------+-----+--------+
         Total |   2998 |   2874 |    124 |      0 |   2349 |   4 |  749.5 |
       Dungeon |   2998 |   2874 |    124 |      0 |   2349 |   4 |  749.5 |
               +--------+--------+--------+--------+--------+-----+--------+

Top non-repeatable levels by time:
     D:2: 1040 daAuts
     D:1: 980 daAuts
     D:3: 703 daAuts
     D:4: 273 daAuts
